 Dungeon Crawl Stone Soup version 0.25-a0-663-gace7076f2c (webtiles) character file.

Game seed: 8229709997031519468, levelgen mode: deterministic

5345 nono the Fighter (level 10, -10/56 HPs)
             Began as a Vine Stalker Hunter on Mar 25, 2020.
             Was a Follower of the Shining One.
             Splashed by an acid dragon's acid (13 damage)
             ... on level 9 of the Dungeon.
             The game lasted 00:27:30 (7381 turns).

nono the Fighter (Vine Stalker Hunter)              Turns: 7381, Time: 00:27:31

Health: -10/56     AC:  2    Str: 18    XL:     10   Next: 65%
Magic:  0/12       EV: 13    Int: 11    God:    the Shining One [*.....]
Gold:   465        SH:  7    Dex: 15    Spells: 9/9 levels left

rFire    + . .     SeeInvis .   b - +5 short sword (venom)
rCold    . . .     Gourm    .   k - +1 buckler
rNeg     . . .     Faith    .   F - +4 ring mail of Mezcal {rElec rF+}
rPois    .         Spirit   +   p - +0 helmet
rElec    +         Reflect  .   C - +2 cloak
rCorr    .         Harm     .   (no gloves)
MR       +....                  (no boots)
Stlth    +.........             (no amulet)
HPRegen  0.58/turn              N - ring of flight
MPRegen  0.13/turn              (no ring)

@: lethally poisoned (-10 -> -11), corroded, glowing
A: fangs 3, regeneration 1, magic shield, antimagic bite, no potion heal 3, rot
immunity
a: Renounce Religion, Evoke Flight


You were on level 9 of the Dungeon.
You worshipped the Shining One.
The Shining One was aware of your devotion.
You were not hungry.

You visited 2 branches of the dungeon, and saw 10 of its levels.

You collected 465 gold pieces.

Inventory:

Hand Weapons
 a - a +2 vorpal mace
 b - a +5 short sword of venom (weapon)
 g - a +0 short sword
 x - a +0 whip
 H - a +1 dagger of pain
Missiles
 e - 6 javelins (quivered)
 j - a throwing net
Armour
 k - a +1 buckler (worn)
 m - a +0 plate armour
 o - a +0 ring mail
 p - a +0 helmet (worn)
 C - a +2 cloak (worn)
 D - a +0 scale mail
 F - the +4 ring mail of Mezcal (worn) {rElec rF+}
   (You found it on level 5 of the Dungeon)

   It protects you from fire.
   It insulates you from electricity.
Jewellery
 s - an uncursed ring of fire
 N - a ring of flight (left hand)
Wands
 c - a wand of acid (9)
 i - a wand of digging (6)
 r - a wand of flame (30)
 E - a wand of iceblast (18)
 J - a wand of enslavement (7)
Scrolls
 d - 2 scrolls of fear {unknown}
 h - 6 scrolls of remove curse
 n - a scroll of amnesia {unknown}
 q - 2 scrolls of enchant weapon
 v - 2 scrolls of teleportation
 w - 5 scrolls of enchant armour
 y - 3 scrolls of magic mapping
 A - 3 scrolls of fog
 G - a scroll of vulnerability {unknown}
 I - 2 scrolls of blinking {unknown}
 Q - a scroll of identify
Potions
 l - a potion of ambrosia
 t - 2 potions of might
 u - 2 potions of stabbing
 z - 2 potions of lignification
 B - a potion of magic
 K - a potion of curing
 L - 2 potions of heal wounds {unknown}
 M - a potion of degeneration {unknown}
 O - a potion of resistance {unknown}
Comestibles
 f - 15 rations
 P - 6 chunks of flesh


   Skills:
 + Level 8.2 Fighting
 - Level 1.6 Short Blades
 - Level 4.5 Maces & Flails
 - Level 3.6 Throwing
 + Level 5.4 Armour
 + Level 4.6 Dodging
 - Level 1.2 Stealth
 + Level 6.6 Shields
 + Level 2.3 Invocations


You had 9 spell levels left.
You didn't know any spells.
Your spell library was empty.

Dungeon Overview and Level Annotations

Branches:
Dungeon (9/15)             Temple (1/1) D:5            Lair (0/6) D:8
    Orc: D:9-12

Altars:
Dithmenos
Fedhas
Vehumet
Wu Jian
Zin
The Shining One


Innate Abilities, Weirdness & Mutations

You have razor-sharp teeth.
Your natural rate of healing is unusually fast.
When hurt, damage is shared between your health and your magic reserves.
Your bite disrupts and absorbs the magic of your enemies.
Potions cannot restore your health.
You are immune to rotting.


Message History

You feel sick.
The acid dragon bites you but does no damage.
You block the acid dragon's attack.
You hit the acid dragon but do no damage.
The acid dragon is severely wounded.
The acid dragon spits acid at you. The splash of acid hits you!
The acid corrodes you!
You are splashed with acid!
* * * LOW HITPOINT WARNING * * *
Okay, then.
You hit the acid dragon but do no damage.
The acid dragon is almost dead.
The acid dragon misses you. You block the acid dragon's attack.
You hit the acid dragon but do no damage.
You bite the acid dragon. You drain its power.
You feel invigorated.
The acid dragon is almost dead.
The acid dragon spits acid at you. The splash of acid hits you!
* * * LOW HITPOINT WARNING * * *
The acid corrodes you!
You are splashed with acid!
You die...

#.# #..#....##### #.#
#....##...... #.#
#.##.####..##
#.########............
#..........#.........#
#..##.####.#.###.###..
#..##.# #.......###..
....##.# #.#.#.....#.#
.###.##@#
#.#.#.#.....# # #.##D#
#.........### #.##.#
#.#.#.#.#.# # #.##.#
#.#.#.....### #..
.....##...... #..
.............# #..
.[♣..##..###. .... .
♣. #..###. #......


You could see an acid dragon.

Vanquished Creatures
  A komodo dragon (D:8)
  A troll (D:9)
  A queen bee (D:8)
  Grinder (D:4)
  A hippogriff (D:9)
  Sigmund (D:4)
  A basilisk (D:8)
  3 wyverns (D:8)
  Eustachio (D:4)
  Menkaure (D:4)
  Duvessa (D:4)
  A swamp drake (D:8)
  3 orc warriors
  An ice beast (D:4)
  2 phantoms
  A sky beast (D:7)
  2 ogres
  2 centaurs
  3 bullfrogs
  Blork the orc (D:5)
  Dowan (D:4)
  A water moccasin skeleton (D:5)
  3 scorpions
  12 killer bees (D:8)
  2 crimson imps (D:6)
  A quasit (D:3)
  A jelly (D:8)
  5 orc priests
  3 hounds
  2 orc wizards
  A bullfrog skeleton (D:7)
  Natasha (thrice) (D:2)
  5 iguanas
  Ijyb (D:5)
  6 worker ants
  6 adders
  8 gnolls
  An adder skeleton (D:7)
  A dart slug (D:2)
  4 worms
  A leopard gecko (D:1)
  13 orcs
  2 ball pythons (D:1)
  11 bats
  5 giant cockroaches
  4 goblins
  13 hobgoblins
  8 jackals
  9 kobolds
  5 quokkas
  5 frilled lizards
  A leopard gecko skeleton (D:9)
  2 quokka skeletons (D:7)
  10 rats
185 creatures vanquished.

Notes
Turn   | Place    | Note
-------+----------+-------------------------------------------
     0 | D:1      | nono the Vine Stalker Hunter began the quest for the Orb.
     0 | D:1      | Reached XP level 1. HP: 11/11 MP: 2/2
    24 | D:1      | Reached skill level 2 in Fighting
   378 | D:1      | Reached XP level 2. HP: 14/15 MP: 3/3
   382 | D:1      | Reached skill level 1 in Short Blades
   573 | D:1      | Reached XP level 3. HP: 19/19 MP: 4/4
  1251 | D:2      | Found a faded altar of an unknown god.
  1294 | D:2      | Gained mutation: Your natural rate of healing is unusually
                  | fast. [Vine Stalker growth]
  1294 | D:2      | Reached XP level 4. HP: 17/23 MP: 3/5
  1338 | D:2      | Reached skill level 1 in Maces & Flails
  1341 | D:2      | Noticed Natasha
  1348 | D:2      | Killed Natasha
  1348 | D:2      | Reached skill level 3 in Fighting
  1348 | D:2      | Reached skill level 1 in Shields
  1356 | D:2      | Noticed Natasha
  1364 | D:2      | Killed Natasha
  1364 | D:2      | Reached XP level 5. HP: 28/28 MP: 6/6
  1367 | D:2      | Noticed Natasha
  1375 | D:2      | Killed Natasha
  2296 | D:4      | Noticed an ice beast
  2344 | D:4      | Noticed an ogre
  2368 | D:4      | Killed an ogre
  2368 | D:4      | Reached XP level 6. HP: 33/33 MP: 7/7
  2397 | D:4      | Reached skill level 4 in Fighting
  2427 | D:4      | Noticed Sigmund
  2427 | D:4      | Noticed Duvessa
  2470 | D:4      | Killed Sigmund
  2470 | D:4      | Reached XP level 7. HP: 38/38 MP: 8/8
  2471 | D:4      | Noticed Grinder
  2471 | D:4      | Noticed Dowan
  2486 | D:4      | Noticed Eustachio
  2486 | D:4      | Paralysed by Grinder for 6 turns
  2496 | D:4      | Killed Duvessa
  2499 | D:4      | Killed Dowan
  2502 | D:4      | Killed Grinder
  2502 | D:4      | Reached skill level 5 in Fighting
  2502 | D:4      | Gained mutation: You have razor-sharp teeth. [Vine Stalker
                  | growth]
  2502 | D:4      | Reached XP level 8. HP: 14/43 MP: 9/9
  2505 | D:3      | HP: 2/43 [poisoned by Dowan]
  2586 | D:4      | Killed Eustachio
  2767 | D:4      | Noticed Menkaure
  2773 | D:5      | Entered Level 5 of the Dungeon
  2864 | D:4      | Killed Menkaure
  2864 | D:4      | Reached skill level 1 in Armour
  3080 | D:4      | Reached skill level 6 in Fighting
  3409 | D:5      | Found a staircase to the Ecumenical Temple.
  3415 | D:5      | Noticed Blork the orc
  3421 | D:5      | Killed Blork the orc
  3426 | Temple   | Entered the Ecumenical Temple
  3448 | Temple   | Became a worshipper of the Shining One
  3579 | D:5      | Got a faintly humming ring mail
  3590 | D:5      | Identified the +4 ring mail of Mezcal {rElec rF+} (You
                  | found it on level 5 of the Dungeon)
  3641 | D:5      | Noticed Ijyb
  3650 | D:5      | Killed Ijyb
  4240 | D:6      | Reached XP level 9. HP: 49/49 MP: 10/10
  5242 | D:7      | Reached skill level 5 in Shields
  5263 | D:7      | Found a glowing golden altar of the Shining One.
  5308 | D:7      | Reached skill level 7 in Fighting
  5635 | D:7      | Reached * piety under the Shining One
  6079 | D:8      | Noticed a queen bee
  6091 | D:8      | Killed a queen bee
  6131 | D:8      | Reached XP level 10. HP: 51/55 MP: 11/11
  6640 | D:8      | Reached skill level 5 in Armour
  6667 | D:8      | Reached skill level 1 in Invocations
  6855 | D:8      | Reached skill level 8 in Fighting
  6958 | D:8      | Found a staircase to the Lair.
  7218 | D:9      | Found a glowing silver altar of Zin.
  7381 | D:9      | Splashed by an acid dragon's acid

Levels and vault maps discovered:
D:1:      lemuel_arrival_behind_the_door_small, layout_loops_ring
D:2:      layout_rooms, chequers_ecumenical_altar_grove, uniq_natasha
D:3:      layout_loops_ring
D:4:      layout_rooms, first_ration, minmay_misc_feat_doors, uniq_sigmund,
          uniq_menkaure, uniq_eustachio, uniq_grinder, uniq_duvessa
D:5:      layout_basic, minmay_temple_entry_crystal_x, sigmund_army,
          uniq_blork_the_orc, uniq_ijyb
D:6:      layout_layer_cave
D:7:      layout_basic, basic_altar
D:8:      layout_loops_corners, erik_lair_dragon, david_nohive_1,
          chequers_serial_rivers_large_a
D:9:      layout_loops_ring, zin_statuary, chequers_garden
Temple:   minmay_crystal_snake_temple

Skill      XL: |  1  2  3  4  5  6  7  8  9 10 |
---------------+-------------------------------+-----
Fighting       | 2 3 4 5 6 7 8 |  8.2
Short Blades   | 1 |  1.6
Maces & Flails | 1 2 3 4 |  4.5
Shields        | 1 2 3 4 5 6 |  6.6
Armour         | 3 4 5 |  5.4
Dodging        | 3 4 |  4.6
Invocations    | 2 |  2.3
Throwing       | |  3.6
Stealth        | |  1.2

Action                   |  1- 3 |  4- 6 |  7- 9 | 10-12 || total
-------------------------+-------+-------+-------+-------++-------
Melee: Short sword       |    43 |       |   195 |   115 ||   353
       Bite              |     8 |    35 |    92 |    36 ||   171
       Mace              |    12 |   124 |    48 |     7 ||   191
Throw: Javelin           |    22 |     6 |       |       ||    28
       Throwing net      |     1 |     2 |       |       ||     3
  Use: Scroll            |       |     6 |     5 |     5 ||    16
       Potion            |       |       |     2 |     3 ||     5
 Stab: Sleeping          |       |     1 |       |       ||     1
       Held in net/web   |       |     1 |       |       ||     1
  Eat: Chunk             |     1 |     4 |    11 |     5 ||    21
Armor: Leather armour    |    23 |    15 |       |       ||    38
       Ring mail         |       |    43 |    92 |    51 ||   186
Dodge: Dodged            |    40 |    81 |   130 |    70 ||   321
Block: Buckler           |     5 |    36 |    75 |    44 ||   160

Table legend:
 A = Non-vault XP
 B = Vault XP
 C = Vault XP percentage of total XP
 D = Non-vault monster count
 E = Vault monster count
 F = Vault count percentage of total count
                 A         B        C        D         E       F
            +---------+---------+-------+---------+---------+-------
      Total |    3978 |    3659 |  47.9 |     152 |      33 |  17.8
            +---------+---------+-------+---------+---------+-------
        D:1 |      46 |       0 |   0.0 |      28 |       0 |   0.0
        D:2 |     144 |      37 |  20.4 |      31 |       1 |   3.1
        D:3 |     208 |       0 |   0.0 |      24 |       0 |   0.0
        D:4 |     432 |    1106 |  71.9 |      13 |       6 |  31.6
        D:5 |      84 |     149 |  63.9 |       2 |       7 |  77.8
        D:6 |     673 |       0 |   0.0 |      13 |       0 |   0.0
        D:7 |     770 |       0 |   0.0 |      18 |       0 |   0.0
        D:8 |     798 |    2367 |  74.8 |      14 |      19 |  57.6
        D:9 |     823 |       0 |   0.0 |       9 |       0 |   0.0
            +---------+---------+-------+---------+---------+-------
